 Dungeon Crawl Stone Soup version 0.19-a0-1051-gdb7e7f8 (webtiles) character file.

4754 FitzyFitz the Transmogrifier (level 10, -4/91 HPs)
             Began as a Merfolk Transmuter on July 31, 2016.
             Was a Believer of Dithmenos.
             Slain by a centaur warrior (12 damage)
             ... on level 8 of the Dungeon on Aug 1, 2016.
             The game lasted 00:48:08 (13049 turns).

FitzyFitz the Transmogrifier (Merfolk Transmuter)  Turns: 13049, Time: 00:48:09

Health: -4/91      AC:  6    Str: 10    XL:     10   Next: 46%
Magic:  12/13      EV: 13    Int: 15    God:    Dithmenos [**....]
Gold:   419        SH:  5    Dex: 16    Spells: 4 memorised, 3 levels left

rFire  x . .     SeeInvis .       - Unarmed
rCold  + + +     Gourm    .     (armour currently unavailable)
rNeg   + . .     Faith    .     (shield currently unavailable)
rPois  +         Spirit   .     (helmet currently unavailable)
rElec  .         Dismiss  .     (cloak currently unavailable)
rCorr  .         Reflect  +     (gloves currently unavailable)
SustAt .         Harm     .     (boots currently unavailable)
MR     .....                    i - +5 amulet of reflection
Stlth  ++++......               t - ring of poison resistance
                                q - ring of positive energy

@: ice-form, wreathed by umbra, not resistant to hostile enchantments, stealthy
A: (change form in water), (swift swim)
a: End Transformation, Shadow Step, Renounce Religion


You were on level 8 of the Dungeon.
You worshipped Dithmenos.
Dithmenos was pleased with you.
You were hungry.
You were a creature of crystalline ice.
You visited 2 branches of the dungeon, and saw 9 of its levels.
You also visited: Sewer and Ossuary.

You collected 419 gold pieces.

Inventory:

Hand Weapons
 a - a +0 trident (melded)
 b - a +0 greatsling
 B - a +0 hunting sling
 H - a +2 rapier of holy wrath
 O - a +0 whip of electrocution
Missiles
 e - 380 stones (quivered)
 j - 5 throwing nets
 D - 111 arrows
 J - 8 tomahawks
 R - 2 sling bullets
Armour
 k - a +0 robe (melded)
 x - a +1 helmet (melded)
 A - a +0 pair of gloves (melded)
 C - a +0 shield
 L - a +0 cloak (melded)
Magical Staves
 K - an uncursed staff of air
 Q - an uncursed staff of poison
Jewellery
 i - a +5 amulet of reflection (around neck)
 m - an uncursed ring of fire
 n - an uncursed ring of fire
 q - a ring of positive energy (left front paw)
 t - a ring of poison resistance (right front paw)
Wands
 P - a wand of disintegration (6/24)
Scrolls
 f - 2 scrolls of amnesia
 g - a scroll of holy word
 o - 3 scrolls of random uselessness {unknown}
 r - 5 scrolls of teleportation
 u - a scroll of fear
 v - 6 scrolls of blinking
 y - 5 scrolls of fog
 G - 2 scrolls of brand weapon {unknown}
 I - 3 scrolls of remove curse
 M - a scroll of silence
Potions
 h - 2 potions of haste
 l - a potion of agility
 p - 7 potions of curing
 s - 2 potions of cure mutation
 w - 4 potions of flight
 z - 2 potions of might
 F - a potion of heal wounds
 U - a potion of lignification {unknown}
Books
 c - a book of Changes

   Spells                             Type                      Level
   a - Beastly Appendage              Transmutation                1
   b - Sticks to Snakes               Transmutation                2
   c - Spider Form                    Transmutation/Poison         3
   d - Ice Form                       Ice/Transmutation            4
   e - Blade Hands                    Transmutation                5
Comestibles
 d - 5 bread rations
 E - 12 fruits
 N - 9 royal jellies
 S - 3 beef jerkies


   Skills:
 + Level 6.3 Fighting
 - Level 4.6 Polearms
 - Level 6.0 Dodging
 - Level 5.2 Stealth
 + Level 7.9 Unarmed Combat
 - Level 2.0 Spellcasting
 + Level 11.2 Transmutations
 - Level 5.1 Ice Magic
 - Level 2.2 Poison Magic


You had 3 spell levels left.
You knew the following spells:

 Your Spells              Type           Power        Failure   Level  Hunger
a - Beastly Appendage     Tmut           #####.       1%          1    #......
b - Sticks to Snakes      Tmut           #####...     1%          2    ###....
c - Spider Form           Tmut/Pois      ###.......   4%          3    ###....
d - Ice Form              Ice/Tmut       ####....     10%         4    #####..


Dungeon Overview and Level Annotations

Branches:
Dungeon (8/15)             Temple (1/1) D:6
   Lair: D:8-11

Altars:
Dithmenos
Fedhas
Hepliaklqana
Nemelex Xobeh
Pakellas
Sif Muna
Vehumet
Xom

Shops:
D:4 :%=

Annotations:
D:7 Pikel


Message History

You hear a shout!
You hear a roar!
You hear an angry buzzing noise.
A centaur warrior comes into view.
You hit the gargoyle but do no damage.
The gargoyle is almost destroyed.
The gargoyle hits you with a mace!
You punch the gargoyle! You freeze the gargoyle.
You destroy the gargoyle!
The centaur warrior wields a longbow.
The centaur warrior shoots an arrow.
The arrow hits you!
* * * LOW HITPOINT WARNING * * *
You hear an angry buzzing noise.
The centaur warrior unwields an uncursed longbow.
The centaur warrior hits you!
* * * LOW HITPOINT WARNING * * *
A hornet comes into view.
You see here a mace.
You punch the centaur warrior! You freeze the centaur warrior.
The centaur warrior is moderately wounded.
The centaur warrior hits you!
You die...

..#.....###.......# #.#
..#.....##...####.# #.#
###.....#..###....# #.#
.....<..#.##......# #.#
........#.#%....... #.#
........#.##..9.Fy# #.#
........#..###....# #.#
###.....##...####.# #.#
#.....###....(Yc# #)#
#.....#####################.#
#...........^........)..)...#
#.....####..#################
......./. #


You could see a centaur warrior and a hornet.

Vanquished Creatures
  An orc knight (D:8)
  A gargoyle (D:8)
  4 humans
  A warg (D:8)
  2 soldier ants (D:8)
  Duvessa (D:5)
  A water moccasin (D:8)
  A phantom (D:4)
  5 ogres
  An ice beast (D:8)
  2 slaves (D:7)
  A wasp (D:8)
  A necrophage (D:6)
  4 big kobolds
  2 giant frogs
  A gnoll sergeant (D:8)
  Dowan (D:5)
  A wyvern skeleton (D:7)
  2 scorpions
  6 crimson imps
  3 hounds
  4 centaur zombies
  A gnoll shaman (D:8)
  An orc priest (D:4)
  4 giant frog skeletons
  2 centaur skeletons
  An iguana (D:5)
  Terence (D:2)
  4 orc wizards
  5 worker ants
  2 big kobold zombies (Ossuary)
  A centaur simulacrum (D:8)
  4 mummies (Ossuary)
  A worker ant zombie (D:5)
  Robin (D:2)
  12 gnolls
  5 adders
  A river rat (Sewer)
  6 oozes
  2 adder zombies (D:8)
  4 worms
  An adder skeleton (D:4)
  2 dart slugs
  6 giant geckos
  14 orcs
  9 giant cockroaches
  16 goblins
  5 hobgoblins (D:2)
  24 kobolds
  3 quokkas
  5 ball pythons
  5 bats
  4 giant newts
  2 goblin zombies (D:5)
  3 hobgoblin zombies (Ossuary)
  A jackal skeleton (D:4)
  A quokka skeleton (D:4)
  2 quokka zombies
  8 rats
215 creatures vanquished.

Vanquished Creatures (collateral kills)
  A necrophage (D:6)
  2 adders (D:2)
  2 goblins (D:2)
  3 jackals (D:2)
8 creatures vanquished.

Vanquished Creatures (others)
  A goblin (D:2)
1 creature vanquished.

Grand Total: 224 creatures vanquished

Notes
Turn   | Place    | Note
-------+----------+-------------------------------------------
     0 | D:1      | FitzyFitz the Merfolk Transmuter began the quest for the Orb.
     0 | D:1      | Reached XP level 1. HP: 15/15 MP: 3/3
   182 | D:1      | Reached skill level 3 in Transmutations
   361 | D:1      | Reached XP level 2. HP: 18/21 MP: 3/5
   778 | D:1      | Learned a level 2 spell: Sticks to Snakes
  1252 | D:2      | Reached XP level 3. HP: 13/26 MP: 3/6
  1492 | D:2      | Reached skill level 4 in Transmutations
  1568 | D:2      | Reached XP level 4. HP: 12/32 MP: 4/7
  1617 | D:2      | Noticed Terence
  1844 | D:2      | Killed Terence
  2000 | D:2      | Found a hazy altar of Hepliaklqana.
  2276 | D:2      | Noticed Robin
  2303 | D:2      | Reached skill level 1 in Polearms
  2563 | D:1      | Learned a level 3 spell: Spider Form
  2864 | D:2      | Reached XP level 5. HP: 31/37 MP: 8/8
  3019 | D:2      | Killed Robin
  3019 | D:2      | Reached skill level 5 in Transmutations
  3089 | D:2      | Found a sparkling altar of Nemelex Xobeh.
  3135 | D:3      | You fall through a shaft!
  3135 | D:4      | Found Jihowo's Jewellery Shoppe.
  3142 | D:4      | Found Tavumyr's Food Boutique.
  3320 | D:3      | Found a glowing drain.
  3334 | Sewer    | Entered a sewer
  3450 | Sewer    | Noticed a big kobold
  3513 | Sewer    | Killed a big kobold
  3624 | Sewer    | Reached XP level 6. HP: 44/44 MP: 9/9
  4358 | Sewer    | Reached skill level 6 in Transmutations
  4975 | D:3      | Found a shadowy altar of Dithmenos.
  4980 | D:3      | Became a worshipper of Dithmenos the Shadowed
  5228 | D:4      | Reached XP level 7. HP: 45/51 MP: 10/10
  5317 | D:4      | Found Sogatott's Book Emporium.
  5343 | D:4      | Reached skill level 1 in Stealth
  6468 | D:4      | Reached skill level 5 in Unarmed Combat
  6617 | D:4      | Found a shimmering altar of Xom.
  6801 | D:4      | Reached skill level 5 in Dodging
  6837 | D:4      | Learned a level 4 spell: Ice Form
  6887 | D:5      | Entered Level 5 of the Dungeon
  6902 | D:5      | Noticed Dowan
  6980 | D:5      | Reached XP level 8. HP: 58/58 MP: 7/11
  7026 | D:5      | Reached skill level 7 in Transmutations
  7032 | D:5      | Found a sand-covered staircase.
  7039 | Ossuary  | Entered an ossuary
  7341 | Ossuary  | Reached skill level 1 in Ice Magic
  7938 | D:5      | Noticed Duvessa
  8102 | D:5      | Killed Duvessa
  8102 | D:5      | Reached * piety under Dithmenos
  8106 | D:5      | Killed Dowan
  8160 | D:4      | Found a deep blue altar of Sif Muna.
  9226 | D:5      | Reached skill level 8 in Transmutations
  9226 | D:5      | Reached skill level 1 in Poison Magic
  9226 | D:5      | Reached XP level 9. HP: 65/65 MP: 9/12
  9253 | D:6      | Found an oddly glowing altar of Pakellas.
  9326 | D:6      | Found a blossoming altar of Fedhas.
  9496 | D:6      | Found a staircase to the Ecumenical Temple.
  9541 | Temple   | Entered the Ecumenical Temple
  9656 | D:6      | Reached skill level 5 in Stealth
  9786 | D:6      | Reached skill level 9 in Transmutations
 10155 | D:7      | Found a radiant altar of Vehumet.
 10836 | D:7      | Noticed Pikel
 10856 | D:7      | Upgraded the game from 0.19-a0-1049-g462a813 to 0.19-a0-1051-gdb7e7f8
 11441 | D:8      | Reached skill level 5 in Fighting
 11441 | D:8      | Reached skill level 10 in Transmutations
 11561 | D:8      | Reached ** piety under Dithmenos
 11842 | D:8      | Reached XP level 10. HP: 59/74 MP: 5/13
 12724 | D:8      | Noticed an orc knight
 12778 | D:8      | Killed an orc knight
 12778 | D:8      | Reached skill level 5 in Ice Magic
 12816 | D:8      | Reached skill level 11 in Transmutations
 13021 | D:8      | Noticed a gargoyle
 13046 | D:8      | Noticed a centaur warrior
 13047 | D:8      | Killed a gargoyle
 13049 | D:8      | Noticed a hornet
 13049 | D:8      | Slain by a centaur warrior

Vault maps used:
D:1:      scummos_arrival_forest, hangedman_decor_points
D:2:      kennysheep_goblin_castle, marbit_many_paths,
          overflow_temple_1_default, uniq_terence
D:3:      serial_glass, glass_columns_a, glass_columns_a, glass_columns_a,
          glass_columns_b, glass_columns_a, portal_sewer_entry_a,
          grunt_dithmenos_smoke_and_mirrors
D:4:      lemuel_upstairs_altar, old_standard_altar, serial_shops,
          nicolae_shop_crystal, nicolae_shop_trees, nicolae_shop_window_shopping
D:5:      first_bread, enter_ossuary_4, uniq_duvessa
D:6:      lemuel_crystal_altar, fedhas_altar_fruit_tree, minmay_ruffians
D:7:      vehumet_crystals, uniq_pikel
D:8:      hangedman_pestilent_swarm, minmay_the_grid_2x2
Temple:   regret_index_temple_generic_petals
Sewer:    sewer_co_15_rooms
Ossuary:  ossuary_the_hunt_dpeg

Skill      XL: |  1  2  3  4  5  6  7  8  9 10 |
---------------+-------------------------------+-----
Transmutations | 3 4 5 6 8 10 11 | 11.2
Unarmed Combat | 4 5 6 7 |  7.9
Polearms       | 1 2 4 |  4.6
Dodging        | 3 4 5 6 |  6.0
Fighting       | 2 3 4 5 6 |  6.3
Stealth        | 2 4 5 |  5.2
Ice Magic      | 2 4 5 |  5.1
Poison Magic   | 1 2 |  2.2
Spellcasting   | |  2.0

Action                   |  1- 3 |  4- 6 |  7- 9 | 10-12 || total
-------------------------+-------+-------+-------+-------++-------
Melee: Unarmed           |    93 |    41 |   153 |    81 ||   368
       Headbutt          |    10 |     4 |       |       ||    14
       Spear             |       |   282 |   107 |       ||   389
       Punch             |       |     6 |    14 |     1 ||    21
       Tailslap          |       |     9 |       |       ||     9
       Trident           |       |     1 |   369 |    71 ||   441
 Fire: Hunting sling     |       |    59 |    15 |       ||    74
       Greatsling        |       |       |    19 |       ||    19
 Cast: Beastly Appendage |    15 |     3 |       |       ||    18
       Sticks to Snakes  |     5 |     7 |     2 |       ||    14
       Spider Form       |       |     1 |    15 |     6 ||    22
       Ice Form          |       |       |     4 |     1 ||     5
 Abil: End Transformatio |       |       |     2 |     1 ||     3
  Use: Scroll            |     5 |     5 |    10 |     1 ||    21
       Potion            |       |     2 |     6 |       ||     8
 Stab: Sleeping          |     3 |     4 |    15 |     3 ||    25
       Distracted        |       |       |     1 |       ||     1
  Eat: Chunk             |     3 |     6 |    12 |     5 ||    26
       Pizza             |       |     2 |     1 |       ||     3
       Meat ration       |       |     1 |     2 |       ||     3
       Fruit             |       |       |     1 |       ||     1
       Beef jerky        |       |       |     1 |       ||     1
Armor: Robe              |    15 |    32 |    38 |    14 ||    99
       Skin              |       |     1 |     5 |     2 ||     8
Dodge: Dodged            |    46 |   141 |   343 |    90 ||   620
Block: Other             |    15 |    54 |   110 |    21 ||   200
       Reflection        |     2 |     7 |     4 |     1 ||    14
